 Dungeon Crawl Stone Soup version 0.19-a0-706-g03de5d9 (webtiles) character file.

16424 Magifyre the Arsonist (level 12, -1/59 HPs)
             Began as a Deep Elf Fire Elementalist on June 19, 2016.
             Was an Elder of Vehumet.
             Slain by a killer bee (2 damage)
             ... on level 1 of the Lair of Beasts.
             The game lasted 01:49:36 (15043 turns).

Magifyre the Arsonist (Deep Elf Fire Elementalist) Turns: 15043, Time: 01:49:36

Health: -1/59      AC:  7    Str:  5    XL:     12   Next: 9%
Magic:  3/39       EV: 13    Int: 26    God:    Vehumet [****..]
Gold:   612        SH:  0    Dex: 15    Spells: 7 memorised, 12 levels left

rFire  + + .     SeeInvis .     x - staff of fire
rCold  x . .     Gourm    .     a - +1 robe
rNeg   . . .     Faith    .     (no shield)
rPois  .         Spirit   .     (no helmet)
rElec  .         Dismiss  .     l - +2 cloak
rCorr  .         Reflect  .     H - +0 pair of gloves
SustAt .         Harm     .     (no boots)
MR     +....                    (no amulet)
Stlth  ++........               h - ring of magical power
                                u - ring of fire

@: lethally poisoned (-1 -> -11), somewhat resistant to hostile enchantments,
unstealthy
A: no striking features
a: Renounce Religion


You were on level 1 of the Lair of Beasts.
You worshipped Vehumet.
Vehumet was greatly pleased with you.
You were hungry.

You visited 3 branches of the dungeon, and saw 12 of its levels.

You collected 612 gold pieces.

Inventory:

Hand Weapons
 r - the +9 hand axe of Valiance {chop, rC+}
   (You took it off an orc on level 5 of the Dungeon)

   It inflicts extra damage upon your enemies.
   It protects you from cold.
Armour
 a - a +1 robe (worn)
 l - a +2 cloak (worn)
 H - a +0 pair of gloves (worn)
Magical Staves
 x - an uncursed staff of fire (weapon)
Jewellery
 h - a ring of magical power (right hand)
 k - an uncursed ring of flight
 q - an uncursed ring of protection from fire
 u - a ring of fire (left hand)
 E - an uncursed ring of wizardry
 L - an uncursed ring of protection from cold
Wands
 g - a wand of flame (24/48)
 K - a wand of slowing (17/48)
 O - a wand of random effects (22/48)
Scrolls
 d - 7 scrolls of remove curse
 e - a scroll of fog
 i - a scroll of magic mapping
 m - a scroll of noise {unknown}
 o - 3 scrolls of enchant armour
 z - 2 scrolls of recharging
 C - 4 scrolls of identify
 J - a scroll of teleportation
 M - a scroll of holy word {unknown}
 N - a scroll of immolation {unknown}
Potions
 n - 2 potions of heal wounds
 p - a potion of haste
 s - a potion of invisibility
 t - 2 potions of brilliance
 w - 4 potions of curing
 B - a potion of lignification
 G - a potion of magic
Books
 b - a book of Flames

   Spells                             Type                      Level
   a - Flame Tongue                   Conjuration/Fire             1
   b - Throw Flame                    Conjuration/Fire             2
   c - Conjure Flame                  Conjuration/Fire             3
   d - Inner Flame                    Hexes/Fire                   3
   e - Sticky Flame                   Conjuration/Fire             4
   f - Fireball                       Conjuration/Fire             5
 j - a book of Battle

   Spells                             Type                      Level
   a - Infusion                       Charms                       1
   b - Shroud of Golubria             Charms/Translocation         2
   c - Song of Slaying                Charms                       2
   d - Spectral Weapon                Hexes/Charms                 3
   e - Regeneration                   Charms/Necromancy            3
 v - a book of Spatial Translocations

   Spells                             Type                      Level
   a - Apportation                    Translocation                1
   b - Blink                          Translocation                2
   c - Shroud of Golubria             Charms/Translocation         2
   d - Portal Projectile              Translocation                3
   e - Teleport Other                 Translocation                3
   f - Passage of Golubria            Translocation                4
 y - a book of the Dragon

   Spells                             Type                      Level
   a - Flame Tongue                   Conjuration/Fire             1
   b - Cause Fear                     Hexes                        4
   c - Bolt of Fire                   Conjuration/Fire             6
   d - Dragon Form                    Transmutation                7
   e - Dragon's Call                  Summoning                    9
Miscellaneous
 A - a phantom mirror
Comestibles
 c - 15 bread rations
 f - 6 beef jerkies
 D - 7 slices of pizza
 F - a meat ration
 I - 5 fruits


   Skills:
 - Level 2.4 Dodging
 - Level 2.4 Stealth
 + Level 12.3 Spellcasting
 * Level 13.3 Conjurations
 * Level 13.4 Fire Magic


You had 12 spell levels left.
You knew the following spells:

 Your Spells              Type           Power        Failure   Level  Hunger
a - Flame Tongue          Conj/Fire      #####        0%          1    None
b - Throw Flame           Conj/Fire      ######       1%          2    None
c - Conjure Flame         Conj/Fire      ########     1%          3    None
d - Sticky Flame          Conj/Fire      ########     1%          4    None
e - Fireball              Conj/Fire      ########..   1%          5    ###....
f - Bolt of Fire          Conj/Fire      ########..   1%          6    #####..
g - Blink                 Tloc           N/A          6%          2    None


Dungeon Overview and Level Annotations

Branches:
Dungeon (9/15)             Temple (1/1) D:7            Lair (2/6) D:8
  Swamp: Lair:2-4    Shoals: Lair:2-4     Snake: Lair:2-4    Spider: Lair:2-4
    Orc: D:9-12

Altars:
Ashenzari
Cheibriados
Dithmenos
Elyvilon
Fedhas
Gozag
Hepliaklqana
Kikubaaqudgha
Makhleb
Nemelex Xobeh
Okawaru
Pakellas
Qazlal
Ru
Sif Muna
Trog
Uskayaw
Vehumet
Xom
Yredelemnul
Zin
The Shining One

Shops:
D:6 (   D:7 }=*

Annotations:
Lair:1 exclusion: oklob plant


Message History

Aiming: Flame Tongue
Press: ? - help, Shift-Dir - straight line, f/p - killer bee
Aim: a killer bee You feel a strong surge of power!
The flame tongue hits the killer bee.
The killer bee is heavily wounded.
You feel sick. The killer bee stings you.
* * * LOW HITPOINT WARNING * * *
You are lethally poisoned!
The killer bee poisons you! The killer bee stings you!
* * * LOW HITPOINT WARNING * * *
Unknown command.
Casting: Flame Tongue
Confirm with . or Enter, or press ? or * to list all spells.
Aiming: Flame Tongue
Press: ? - help, Shift-Dir - straight line, f/p - killer bee
Aim: a killer bee (heavily wounded)
You feel a strong surge of power!
The flame tongue misses the killer bee.
* * * LOW HITPOINT WARNING * * *
You feel sick. The killer bee stings you.
You die...

.##..## ##....... .##..#### ###
##........
.....##P###########.####...⌠.....
.....................#.........#.
.#P#................##......####.
.###..#######.#..#.##..⌠.....##.#
## #..P# ###..⌠.##............#
#..## #....................+
##..# ###⌠.@....⌠.>.⌠..⌠...#
#...## #.[y...............'
##...## #..§.##............#
####..#.########.####..⌠....###..
....................#.......###..
.....................#.........#.
......................##...⌠...+.
............######.######......#.
.....P.....## ### ##.....'.


You could see a killer bee.

Vanquished Creatures
  Gastronok (Lair:2)
  A hydra (Lair:1)
  Pikel (D:7)
  2 black mambas (Lair:1)
  A torpor snail (Lair:2)
  3 spiny frogs
  3 komodo dragons
  The ghost of tijit the Frost Mage, a novice DEIE of Vehumet (D:5)
  A troll (D:9)
  3 steam dragons
  3 blink frogs (Lair:1)
  A wyvern (Lair:2)
  A human (D:7)
  10 yaks
  8 hippogriffs
  A basilisk (Lair:1)
  A hungry ghost (D:9)
  A soldier ant (D:8)
  4 water moccasins
  A sky beast (D:5)
  3 porcupines (Lair:2)
  2 orc warriors
  4 ogres
  3 ice beasts
  A necrophage (D:9)
  A phantom (D:6)
  A slave (D:7)
  A wasp (D:8)
  An eye of draining (D:5)
  5 crocodiles
  A centaur (D:5)
  The ghost of Magifyre the Caller, an amateur DESu (D:4)
  8 giant frogs
  A scorpion (D:4)
  16 killer bees
  4 howler monkeys
  17 wights
  2 jellies
  6 crimson imps
  A giant frog zombie (D:5)
  2 centaur skeletons
  2 hounds (D:9)
  2 quasits
  8 orc priests
  8 iguanas
  3 orc wizards
  11 worker ants
  15 sheep
  A hound skeleton (D:4)
  A gnoll (D:5)
  8 adders
  20 river rats (Lair:1)
  2 oozes (D:2)
  A worm (D:2)
  6 dart slugs
  2 giant geckos (D:7)
  34 orcs
  A ball python (D:5)
  6 giant cockroaches
  13 goblins
  10 hobgoblins
  8 jackals
  4 quokkas
  5 bats
  3 giant newts
  A jackal skeleton (D:4)
  10 kobolds
  6 rats
  5 fungi
  5 plants
330 creatures vanquished.

Vanquished Creatures (others)
  2 slaves (D:7)
  A big kobold (D:7)
  An iguana (D:7)
  3 fungi
  23 plants
30 creatures vanquished.

Grand Total: 360 creatures vanquished

Notes
Turn   | Place    | Note
--------------------------------------------------------------
     0 | D:1      | Magifyre the Deep Elf Fire Elementalist began the quest for the Orb.
     0 | D:1      | Reached XP level 1. HP: 10/10 MP: 6/6
   184 | D:1      | Reached XP level 2. HP: 15/15 MP: 6/8
   237 | D:1      | Learned a level 2 spell: Throw Flame
   671 | D:2      | Reached XP level 3. HP: 19/19 MP: 5/10
   880 | D:2      | Learned a level 3 spell: Conjure Flame
  1394 | D:2      | Reached XP level 4. HP: 24/24 MP: 12/12
  2119 | D:3      | Found an iron altar of Okawaru.
  2706 | D:3      | Reached XP level 5. HP: 28/28 MP: 13/13
  2719 | D:3      | Learned a level 4 spell: Sticky Flame
  3097 | D:4      | Noticed Magifyre's ghost (amateur DESu)
  3184 | D:4      | Killed Magifyre's ghost
  3184 | D:4      | Reached skill level 5 in Spellcasting
  3184 | D:4      | Reached XP level 6. HP: 28/32 MP: 6/15
  3323 | D:4      | Reached skill level 5 in Conjurations
  3714 | D:4      | Reached skill level 5 in Fire Magic
  3835 | D:4      | Reached XP level 7. HP: 36/36 MP: 17/17
  4169 | D:5      | Entered Level 5 of the Dungeon
  4304 | D:5      | Found a basalt altar of Yredelemnul.
  4479 | D:5      | Found a bloodstained altar of Trog.
  4582 | D:5      | Noticed tijit's ghost (novice DEIE)
  4829 | D:5      | Killed tijit's ghost
  4829 | D:5      | Reached XP level 8. HP: 8/41 MP: 13/20
  5229 | D:6      | Learned a level 5 spell: Fireball
  5390 | D:6      | Found a sacrificial altar of Ru.
  5423 | D:6      | Found Cilurud's Antique Weapon Emporium.
  6476 | D:5      | Got a dazzling hand axe {chop}
  6669 | D:5      | Learned a level 6 spell: Bolt of Fire
  6727 | D:6      | Identified the +9 hand axe of Valiance {chop, rC+} (You took it off an orc on level 5 of the Dungeon)
  6770 | D:7      | Reached XP level 9. HP: 45/45 MP: 23/23
  6777 | D:7      | Found Arol's Jewellery Emporium.
  6820 | D:7      | Learned a level 2 spell: Blink
  6845 | D:7      | Noticed Pikel
  6862 | D:7      | Killed Pikel
  7241 | D:7      | Found Jawoy's Assorted Antiques.
  7406 | D:7      | Found a hazy altar of Hepliaklqana.
  7502 | D:7      | Found a staircase to the Ecumenical Temple.
  7543 | D:7      | Found a stormy altar of Qazlal.
  7579 | Temple   | Entered the Ecumenical Temple
  7712 | Temple   | Became a worshipper of Vehumet
  7874 | D:7      | Found Ciotow's Gadget Emporium.
  8036 | D:7      | Reached skill level 10 in Fire Magic
  8396 | D:8      | Found a large runed door.
  8396 | D:8      | Noticed a red ugly thing
  8554 | D:9      | Noticed a troll
  8580 | D:9      | Killed a troll
  8580 | D:9      | Reached skill level 10 in Conjurations
  8580 | D:9      | Reached XP level 10. HP: 50/50 MP: 17/25
  8927 | D:9      | Reached skill level 10 in Spellcasting
  9165 | D:9      | Reached * piety under Vehumet
  9165 | D:9      | Offered knowledge of Magic Dart by Vehumet.
 10142 | D:8      | Found a staircase to the Lair.
 10639 | D:8      | Found an opulent altar of Gozag.
 10693 | D:8      | Found a large runed door.
 10797 | D:8      | Found a basalt altar of Yredelemnul.
 10797 | D:8      | Noticed a harpy
 10805 | D:8      | Found a hazy altar of Hepliaklqana.
 10805 | D:8      | Noticed a fire dragon
 10973 | Lair:1   | Entered Level 1 of the Lair of Beasts
 11444 | D:8      | Offered knowledge of Throw Frost by Vehumet.
 11778 | D:9      | Reached ** piety under Vehumet
 12308 | Lair:1   | Noticed a spiny frog
 12378 | Lair:1   | Noticed a spiny frog
 12388 | Lair:1   | Killed a spiny frog
 12398 | Lair:1   | Reached XP level 11. HP: 54/54 MP: 2/28
 12970 | Lair:1   | Noticed an oklob plant
 13239 | Lair:1   | Offered knowledge of Ignite Poison by Vehumet.
 13516 | Lair:1   | Noticed a four-headed hydra
 13526 | Lair:1   | Killed a four-headed hydra
 13896 | Lair:2   | Noticed Gastronok
 14074 | Lair:2   | Reached *** piety under Vehumet
 14375 | Lair:1   | Offered knowledge of Mephitic Cloud by Vehumet.
 14952 | Lair:2   | Killed Gastronok
 14952 | Lair:2   | Reached XP level 12. HP: 59/59 MP: 13/30
 15004 | Lair:2   | Reached **** piety under Vehumet
 15043 | Lair:1   | HP: 1/59 [poisoned by a killer bee]
 15043 | Lair:1   | Slain by a killer bee

Vault maps used:
D:1:      minmay_arrival_cross
D:3:      okawaru_metal_pillars_1_2, serial_bayou, serial_bayou_lagoon_b,
          serial_bayou_crossing, serial_bayou_pond_d, serial_bayou_pond_d,
          minmay_vboxes
D:4:      grunt_ministairs_4, minmay_misc_feat_tiny
D:5:      yredelemnul_altar_generic, trog_eyes_of_draining, first_bread
D:6:      basic_altar, serial_shops, shop, minivault_27
D:7:      nicolae_overflow_crystal_walls, marbit_many_paths,
          minmay_temple_entry_purple_smoke, serial_shops,
          nicolae_shop_statue_plus, shop, nicolae_shop_stone, grunt_livestock,
          uniq_pikel
D:8:      nicolae_gozag_seed_capital, dpeg_oklobed_lair, jmf_multi_god_temple2
Temple:   nicolae_temple_elliptical
Lair:1:   minmay_lair_oklob_tunnel, small_statue_intersection,
          grunt_megastairs_3, lemuel_fruit_tree, serial_bayou_shore_b
Lair:2:   hangedman_what_comes_after_a, beast_lair_carwin_2,
          infiniplex_staircase_pool, grunt_megastairs_1, uniq_gastronok,
          uniq_fannar

Skill      XL: |  1  2  3  4  5  6  7  8  9 10 11 |
---------------+----------------------------------+-----
Conjurations   | 2 3 4 5 6 7 10 11 13 | 13.3
Fire Magic     | 4 5 6 8 10 11 13 | 13.4
Spellcasting   | 4 5 7 8 9 11 12 | 12.3
Dodging        | |  2.4
Stealth        | |  2.4

Action                   |  1- 3 |  4- 6 |  7- 9 | 10-12 || total
-------------------------+-------+-------+-------+-------++-------
Melee: Staff             |       |       |    87 |    15 ||   102
       Hand axe          |       |       |    26 |     3 ||    29
 Cast: Flame Tongue      |    26 |    83 |   167 |   180 ||   456
       Throw Flame       |    31 |    44 |    63 |    82 ||   220
       Conjure Flame     |       |    11 |    20 |    16 ||    47
       Fireball          |       |       |    13 |    67 ||    80
       Blink             |       |       |     2 |    14 ||    16
       Bolt of Fire      |       |       |       |    35 ||    35
       Sticky Flame      |       |       |       |     4 ||     4
  Use: Scroll            |       |     6 |    10 |     4 ||    20
  Eat: Chunk             |     2 |     8 |    10 |    20 ||    40
       Meat ration       |       |       |     1 |     3 ||     4
       Fruit             |       |       |     1 |     3 ||     4
       Beef jerky        |       |       |       |     1 ||     1
Armor: Robe              |     1 |     5 |    43 |    24 ||    73
Dodge: Dodged            |     3 |    12 |   102 |    47 ||   164
